 Dungeon Crawl Stone Soup version 0.26-a0-778-g3fe0686644 (webtiles) character file.

Game seed: 18228242401149179808

145 Tarmasundar the Cudgeler (level 5, -7/32 HPs)
             Began as a Gargoyle Berserker on Nov 10, 2020.
             Was a Believer of Trog.
             Killed by divine providence
             ... invoked by an orc priest
              (14 damage)
             ... on level 3 of the Dungeon.
             The game lasted 00:04:23 (2859 turns).

Tarmasundar the Cudgeler (Gargoyle Berserker)       Turns: 2859, Time: 00:04:27

Health: -7/32      AC:  8    Str: 20    XL:     5   Next: 27%
Magic:  5/5        EV: 12    Int:  8    God:    Trog [**....]
Gold:   121        SH:  0    Dex: 10    Spells: 4/4 levels left

rFire    . . .     SeeInvis .   a - +0 mace
rCold    . . .     Faith    .   (no shield)
rNeg     + . .     Spirit   .   b - +0 animal skin
rPois    ∞         Reflect  .   (helmet restricted)
rElec    +         Harm     .   q - +0 cloak
rCorr    .         Rampage  .   e - +0 pair of gloves
MR       .....                  r - +0 pair of boots
Stlth    +.........             (no amulet)
HPRegen  0.10/turn              (no ring)
MPRegen  0.09/turn              (no ring)

@: no status effects
A: antennae 1, deformed body, negative energy resistance 1, electricity
resistance, unbreathing, petrification resistance, rot immunity, AC +4
a: Berserk, Trog's Hand, Renounce Religion


You were on level 3 of the Dungeon.
You worshipped Trog.
Trog was pleased with you.
You visited 1 branch of the dungeon, and saw 3 of its levels.

You collected 121 gold pieces.

Inventory:

Hand Weapons
 a - a +0 mace (weapon)
Missiles
 c - 13 sling bullets
 l - 139 stones (quivered)
 o - 30 poisoned darts
Armour
 b - a +0 animal skin (worn)
 e - a +0 pair of gloves (worn)
 m - a cursed +0 leather armour
 q - a +0 cloak (worn)
 r - a +0 pair of boots (worn)
Scrolls
 d - a scroll of teleportation
 h - a scroll of identify {unknown}
 n - a scroll of amnesia {unknown}
 p - 2 scrolls of enchant armour {unknown}
 s - a scroll of random uselessness {unknown}
 t - a scroll of remove curse {unknown}
Potions
 f - a potion of resistance {unknown}
 g - 2 potions of mutation
 i - a potion of berserk rage {unknown}
 j - a potion of lignification {unknown}
 k - a potion of curing {unknown}
 u - a potion of brilliance {unknown}
 v - a potion of flight
 w - a potion of cancellation


   Skills:
 - Level 3.2 Fighting
 + Level 5.8 Maces & Flails
 - Level 2.1 Armour
 - Level 1.5 Dodging


You had 4 spell levels left.
You didn't know any spells.
Your spell library was empty.

Dungeon Overview and Level Annotations

Branches:
Dungeon (3/15)

Altars:
Kikubaaqudgha


Innate Abilities, Weirdness & Mutations

You are resistant to torment.
Your stone body is resilient. (AC +4)
You are immune to poison.
You resist negative energy. (rN+)
You are resistant to electric shocks. (rElec)
You can survive without breathing.
You are immune to petrification.
You are immune to rotting.
You have a pair of small antennae on your head.
Armour fits poorly on your strangely shaped body.


Message History

The orc priest is lightly wounded.
The orc priest hits you but does no damage.
You closely miss the orc.
The orc priest calls down the wrath of Beogh upon you.
Beogh smites you!
* * * LOW HITPOINT WARNING * * *
The orc closely misses you.
You hit the orc.
The orc is severely wounded.
It was a potion of flight.
You feel very buoyant.
You fly up into the air.
The orc barely misses you.
The orc priest looks satisfied for a moment.
It was a potion of cancellation.
Your magical effects are unravelling.
You feel magically purged.
You float gracefully downwards.
The orc closely misses you.
The orc priest calls down the wrath of Beogh upon you.
Beogh smites you!
You die...

.######.##
#####...
.........#
#.##.##
#######..# #.##.#
#.>#########.##.#
#).......)...##.#
#.#############.#
#.#############.#
#.#.............#
#@#.#############
#o#.# #o#.# #o#.#
#o#.# ## # #o#.#
##.## # #.#.#
##...## # ..#.#
##.....###
#.#####.........


You could see 2 orc priests and 3 orcs.

Vanquished Creatures
  An orc wizard (D:3)
  5 adders
  An ooze (D:2)
  5 leopard geckos
  4 orcs
  2 ball pythons
  9 bats
  A giant cockroach (D:2)
  6 goblins
  6 hobgoblins
  4 jackals (D:1)
  8 kobolds
  A frilled lizard (D:2)
  A giant cockroach zombie (D:1)
  A quokka zombie (D:1)
  4 rats
59 creatures vanquished.

Vanquished Creatures (others)
  2 plants (D:2)
2 creatures vanquished.

Grand Total: 61 creatures vanquished

Notes
Turn   | Place    | Note
-------+----------+-------------------------------------------
     0 | D:1      | Tarmasundar the Gargoyle Berserker began the quest for the
                  | Orb.
     0 | D:1      | Reached XP level 1. HP: 14/14 MP: 1/1
   266 | D:1      | Reached XP level 2. HP: 19/19 MP: 2/2
   774 | D:1      | Reached skill level 4 in Maces & Flails
   866 | D:1      | Reached XP level 3. HP: 22/23 MP: 3/3
  1718 | D:2      | Reached ** piety under Trog
  1764 | D:2      | Reached XP level 4. HP: 23/28 MP: 4/4
  2075 | D:2      | Reached skill level 5 in Maces & Flails
  2517 | D:3      | Found an ancient bone altar of Kikubaaqudgha.
  2532 | D:3      | Reached XP level 5. HP: 30/32 MP: 5/5
  2560 | D:3      | Gained mutation: Armour fits poorly on your strangely
                  | shaped body. [potion of mutation]
  2560 | D:3      | Gained mutation: Your spells are a little harder to cast,
                  | but a little more powerful. [potion of mutation]
  2560 | D:3      | Lost mutation: Your spells are a little harder to cast, but
                  | a little more powerful. [potion of mutation]
  2560 | D:3      | Gained mutation: You have a pair of small antennae on your
                  | head. [potion of mutation]
  2859 | D:3      | Killed from afar by an orc priest

Illustrated notes

Levels and vault maps discovered:
D:1:      saegor_arrival_fortress, layout_basic, lemuel_another_geyser
D:2:      layout_rooms, serial_forest, infiniplex_forest_clump_diagonal,
          infiniplex_forest_end_1, infiniplex_forest_straight_2,
          infiniplex_forest_lined_2, infiniplex_forest_clump_medium,
          infiniplex_forest_lined_3, infiniplex_forest_end_3,
          infiniplex_forest_straight_2, grunt_ministairs_7, due_unseen_surprise
D:3:      layout_loops_ring, nicolae_overflow_crystal_walls,
          cheibrodos_sewer_entry_bend, chequers_ecumenical_altar_island

Skill      XL: |  1  2  3  4 |
---------------+-------------+-----
Maces & Flails | 4 5 |  5.8
Fighting       | |  3.2
Armour         | |  2.1
Dodging        | |  1.5

Action                   |  1- 3 |  4- 6 || total
-------------------------+-------+-------++-------
Melee: Mace              |   141 |   132 ||   273
  Use: Scroll            |     1 |       ||     1
       Potion            |       |     3 ||     3
Armor: Animal skin       |    66 |    87 ||   153
Dodge: Dodged            |   124 |    83 ||   207

Table legend: (Time is in decaauts)
 A = Elapsed time spent in this place.
 B = Non-inter-level travel time spent in this place.
 C = Inter-level travel time spent in this place.
 D = Time resting spent in this place.
 E = Time spent auto-exploring this place.
 F = Levels seen in this place.
 G = Mean time per level.
                   A        B        C        D        E       F      G
               +--------+--------+--------+--------+--------+-----+--------+
         Total |   2905 |   2861 |     44 |    101 |   2100 |   3 |  968.3 |
       Dungeon |   2905 |   2861 |     44 |    101 |   2100 |   3 |  968.3 |
               +--------+--------+--------+--------+--------+-----+--------+

Top non-repeatable levels by time:
     D:1: 1273 daAuts
     D:2: 938 daAuts
     D:3: 693 daAuts
